 Dungeon Crawl Stone Soup version 0.31.0-9-g3a7656b989 (webtiles) character file.

Game seed: 11055718953183384133

81 GreatBamboolord the Covered (level 4, -1/38 HPs)
             Began as an Armataur Fighter on Jan 25, 2024.
             Killed by nerve-wracking pain
             ... invoked by an orc priest
              (10 damage)
             ... on level 3 of the Dungeon.
             The game lasted 00:01:49 (1356 turns).

GreatBamboolord the Covered (Armataur Fighter)      Turns: 1356, Time: 00:01:49

Health: -1/38      AC:  9    Str: 24    XL:     4   Next: 19%
Magic:  4/4        EV:  7    Int: 14    God:
Gold:   176        SH:  4    Dex:  9    Spells: 3/3 levels left

rFire   . . .        a - +0 flail
rCold   . . .        c - +0 buckler
rNeg    . . .        b - +0 scale mail
rPois   .            (no helmet)
rElec   .            k - +0 cloak
rCorr   .            m - +0 pair of gloves
SInv    .            (no barding)
Will    .....        (no amulet) Stlth
                     j - +6 ring of intelligence
HPRegen 0.26/turn    (no ring)
MPRegen 0.75/turn

%: roll
@: no status effects
A: large, deformed body, tough skin 3, armoured tail, roll 1
a: no special abilities


You were on level 3 of the Dungeon.
You visited 1 branch of the dungeon, and saw 3 of its levels.

You collected 176 gold pieces.

Inventory:

Hand Weapons
 a - a +0 flail (weapon)
Armour
 b - a +0 scale mail (worn)
 c - a +0 buckler (worn)
 k - a +0 cloak (worn)
 m - a +0 pair of gloves (worn)
Jewellery
 j - a +6 ring of intelligence (left hand)
Scrolls
 e - a scroll of teleportation {unknown}
 g - 2 scrolls of enchant weapon {unknown}
 h - a scroll of poison {unknown}
 i - 2 scrolls of identify {unknown}
 l - a scroll of immolation {unknown}
 n - a scroll of fog {unknown}
 o - 2 scrolls of revelation {unknown}
 q - a scroll of vulnerability {unknown}
Potions
 d - 2 potions of might
 f - a potion of magic {unknown}
 p - a potion of curing
 r - a potion of mutation {unknown}
 s - a potion of degeneration {unknown}


   Skills:
 * Level 3.2 Fighting
 * Level 2.5 Maces & Flails
 * Level 4.3 Armour
 * Level 4.0 Shields


You had 3 spell levels left.
You didn't know any spells.
Your spell library was empty.

Dungeon Overview and Level Annotations

Branches:
Dungeon (3/15)

Altars:


Innate Abilities, Weirdness & Mutations

Armour fits poorly on your strangely shaped body.
You have extremely tough skin. (AC +3)
You have a long armoured tail.
You regenerate magic when rolling toward enemies. (Rampage MPRegen)


Message History

Found a trident.
Found a dagger, 5 stones and a mace.
An orc priest comes into view. It is wielding a +0 hand axe.
The orc priest shouts! 2 orcs come into view.
The orc shouts! x2
A bat comes into view.
The orc priest calls down the wrath of Beogh upon you.
Pain shoots through your body!
You roll towards the bat!
The bat hits you but does no damage. The bat closely misses you.
The bat completely misses you.
You roll towards the orc priest!
You closely miss the orc priest.
The orc priest calls down the wrath of Beogh upon you.
Pain shoots through your body! The bat hits you but does no damage.
The orc barely misses you.
The orc priest hits you but does no damage.
Unknown command.
You barely miss the orc priest. The bat hits you but does no damage. x2
The orc hits you with a +0 club.
The orc priest hits you but does no damage.
Unknown command.
You closely miss the orc priest. The bat hits you but does no damage. x2
The orc barely misses you. x2
The orc priest calls down the wrath of Beogh upon you.
Pain shoots through your body!
* * * LOW HITPOINT WARNING * * *
The orc hits you with a +0 hand axe.
* * * LOW HITPOINT WARNING * * *
The orc hits you with a +0 club.
* * * LOW HITPOINT WARNING * * *
The bat hits you but does no damage. The bat hits you but does no damage.
The bat closely misses you.
You closely miss the orc priest. The bat hits you but does no damage.
The orc priest barely misses you.
You sock the orc priest!
Your tail-slap misses the orc priest.
The orc priest is severely wounded.
The orc closely misses you.
The orc priest invokes the aid of Beogh against you.
Pain shoots through your body!
You die...

#.#.. #.#
#.#..####+######.#
#.#.#...#..........#
#.#.#...+..........#
#.#.#.#.#..........#
#.#.#............... #
#.#.###.##########.#
#.##.#.................
#.#....#@.##.############
......ooo###.........
........b# ##########
..#####..# ..#)?=#..#
..#$)(#..# ..#$$)#..#
..#####..# .........#


You could see an orc priest, 2 orcs and a bat.

Vanquished Creatures
  3 adders (D:2)
  2 ribbon worms
  3 dart slugs (D:1)
  5 ball pythons
  6 bats
  2 endoplasms
  3 giant cockroaches
  3 goblins (D:1)
  3 hobgoblins
  4 kobolds
  3 quokkas
  4 rats (D:1)
41 creatures vanquished.

Notes
Turn   | Place    | Note
-------+----------+-------------------------------------------
     0 | D:1      | GreatBamboolord the Armataur Fighter began the quest for
                  | the Orb.
     0 | D:1      | Reached XP level 1. HP: 18/18 MP: 1/1
    68 | D:1      | Reached XP level 2. HP: 25/25 MP: 2/2
   337 | D:1      | Reached XP level 3. HP: 30/31 MP: 3/3
   627 | D:2      | HP: 2/46 [adder (1)]
  1152 | D:2      | Reached XP level 4. HP: 37/38 MP: 4/4
  1356 | D:3      | Killed from afar by an orc priest

Illustrated notes

Levels and vault maps discovered:
D:1:      erik_arrival_blinker_ship, layout_rooms
D:2:      layout_basic, st_stairs_1
D:3:      layout_basic, mainiacjoe_overflow_cross_hatched, serial_shops,
          nicolae_shop_bloodbath_and_beyond, due_unseen_surprise

Skill      XL: |  1  2  3 |
---------------+----------+-----
Maces & Flails | 2 |  2.5
Fighting       | 3 |  3.2
Armour         | 4 |  4.3
Shields        | 4 |  4.0

Action                     |  1- 3 |  4- 6 || total
---------------------------+-------+-------++-------
  Melee: Flail             |   118 |    24 ||   142
         Tailslap          |    10 |     4 ||    14
    Use: Potion            |     2 |       ||     2
 Armour: Scale mail        |    89 |    30 ||   119
         Skin              |    18 |       ||    18
  Dodge: Dodged            |    34 |    16 ||    50
  Block: Buckler           |    24 |     3 ||    27
